 Dungeon Crawl Stone Soup version bcrawl-1.19.2-6-g6a88ae04c9 (webtiles) character file.

Game seed: 6360651834183375428

3521 Mrkan the Cleaver (level 9, -2/81 (82) HPs)
             Began as a Minotaur Fighter on Jan 7, 2020.
             Was a Follower of Ashenzari.
             Slain by a yak (12 damage)
             ... on level 7 of the Dungeon.
             The game lasted 00:10:36 (6653 turns).

Mrkan the Cleaver (Minotaur Fighter)                Turns: 6653, Time: 00:10:37

HP:   -2/81 (82)    AC: 13    Str: 20    XL:     9   Next: 81%
MP:   8/8           EV:  6    Int:  5    God:    Ashenzari [*.....]
Gold: 551           SH: 11    Dex: 14    Spells: 8/8 levels left

rFire    . . .     SeeInvis .   a - +0 war axe
rCold    . . .     Gourm    .   c - +0 shield (curse)
rNeg     . . .     Faith    .   s - +0 chain mail
rPois    .         Spirit   .   (helmet restricted)
rElec    .         Reflect  .   p - +0 cloak
rCorr    .         Harm     .   t - +0 pair of gloves (curse)
MR       .....                  (no boots)
Stlth    ..........             (no amulet)
HPRegen  0.23/turn              (no ring)
MPRegen  0.11/turn              (no ring)

@: no status effects
A: retaliatory headbutt, horns 2
a: Curse Item, Scrying, Renounce Religion


You were on level 7 of the Dungeon.
You worshipped Ashenzari.
Ashenzari was aware of your devotion.
You were not hungry.

You visited 1 branch of the dungeon, and saw 7 of its levels.
You also visited: Ossuary.

You collected 551 gold pieces.

Inventory:

Hand Weapons
 a - a +0 war axe (weapon)
Armour
 c - a cursed +0 shield (worn)
 p - a +0 cloak (worn)
 s - a +0 chain mail (worn)
 t - a cursed +0 pair of gloves (worn)
Jewellery
 o - a cursed ring of attention
 r - an uncursed ring of poison resistance
 x - a +1 ring of evasion
 A - a +2 ring of intelligence
Wands
 u - a wand of polymorph (6)
 y - a wand of acid (7)
 E - a wand of enslavement (7)
Scrolls
 b - 5 scrolls of teleportation {unknown}
 e - 2 scrolls of amnesia {unknown}
 g - 11 scrolls of identify {unknown}
 h - 2 scrolls of fog {unknown}
 n - 3 scrolls of enchant armour {unknown}
 v - 4 scrolls of blinking {unknown}
 C - 3 scrolls of remove curse {unknown}
 F - a scroll of enchant weapon {unknown}
 H - a scroll of magic mapping {unknown}
 I - a scroll of vulnerability {unknown}
Potions
 d - 2 potions of might
 i - 2 potions of brilliance {unknown}
 j - 3 potions of ambrosia {unknown}
 k - a potion of agility {unknown}
 l - 3 potions of degeneration {unknown}
 m - 8 potions of curing {unknown}
 q - 3 potions of heal wounds {unknown}
 w - 3 potions of mutation {unknown}
 z - a potion of flight {unknown}
 B - a potion of berserk rage {unknown}
 D - a potion of lignification {unknown}
 G - 2 potions of haste {unknown}
Comestibles
 f - 14 rations {!d}


   Skills:
 + Level 8.3 Fighting
 * Level 10.8 Axes
 + Level 8.3 Armour
 + Level 8.4 Shields


You had 8 spell levels left.
You didn't know any spells.
Your spell library contained the following spells:

 Spells                   Type           Power        Failure   Level  Hunger
 Magic Dart               Conj           #...         100%        1    ##.....
 Blink                    Tloc           N/A          100%        2    ###....
 Call Imp                 Summ           #.....       100%        2    ###....
 Conjure Flame            Conj/Fire      #.......     100%        3    ####...
 Mephitic Cloud           Conj/Pois/Air  #.......     100%        3    ####...
 Spider Form              Tmut/Pois      #..          100%        3    ####...


Dungeon Overview and Level Annotations

Branches:
Dungeon (7/12)             Temple (0/1) D:5
   Lair: D:7-9

Altars:
Ashenzari
Cheibriados
Fedhas
Makhleb
Qazlal
Ru

Shops:
D:7 *


Innate Abilities, Weirdness & Mutations

You reflexively headbutt those who attack you in melee.
You have a pair of horns on your head.


Message History

You barely miss the black bear. The black bear bites you.
* * * LOW HITPOINT WARNING * * *
The black bear claws you but does no damage.
The black bear barely misses you.
You barely miss the yak. Your headbutt misses the yak.
You hit the black bear but do no damage.
You block the yak's attack. You block the black bear's attack.
The black bear barely misses you. The black bear claws you.
* * * LOW HITPOINT WARNING * * *
You hit the yak.
The yak is lightly wounded.
Your shield and chain mail prevent you from hitting the black bear.
You block the yak's attack. The black bear barely misses you.
You furiously retaliate!
You headbutt the black bear! You block the black bear's attack.
The black bear claws you.
* * * LOW HITPOINT WARNING * * *
You slash the yak! You headbutt the yak!
The yak is heavily wounded.
You barely miss the black bear. The yak gores you!
You die...

#.# #.# # #.# .#
#.####.#### #..........
##.#######..........
.................P..
#.####h##.......P..
#.##..†@Y.........P
#......##.........P .#
#......##.....P.PPP
..###......##......P.PP
....#.(....###(....P...
.......#.#.# #...P..P..
._.....#.#.# #...P.P...
......(...#.#
#...P.PP.P
.........##.#
####....PP


You could see a yak and a black bear.

Vanquished Creatures
  Pikel (D:5)
  Grinder (D:3)
  A wyvern (D:6)
  Eustachio (D:6)
  A crocodile (D:7)
  Duvessa (D:6)
  2 porcupines (D:7)
  A black bear (D:5)
  3 phantoms
  3 ogres
  A necrophage (D:6)
  3 big kobolds
  An elf zombie (Ossuary)
  Dowan (D:6)
  A howler monkey (D:5)
  5 crimson imps
  A bullfrog zombie (D:5)
  2 human zombies (Ossuary)
  6 hounds
  A centaur skeleton (D:5)
  6 orc wizards
  Crazy Yiuf (D:2)
  3 orc priests
  Ijyb (D:4)
  An iguana (D:6)
  Natasha (thrice) (D:4)
  A worker ant (D:5)
  A hound zombie (Ossuary)
  4 mummies (Ossuary)
  A worker ant zombie (D:5)
  5 adders
  2 oozes
  5 adder zombies
  5 worms
  4 dart slugs
  9 leopard geckos
  17 orcs
  A giant cockroach (D:1)
  3 goblins (D:1)
  7 hobgoblins
  2 jackals (D:3)
  2 quokkas (D:5)
  3 bats
  6 frilled lizards
  A hobgoblin zombie (Ossuary)
  2 jackal zombies (Ossuary)
  13 kobolds
  A kobold zombie (Ossuary)
  A leopard gecko skeleton (D:4)
  An orc zombie (Ossuary)
  A quokka skeleton (D:5)
  2 rats (D:1)
  A rat zombie (Ossuary)
153 creatures vanquished.

Vanquished Creatures (others)
  2 slaves (D:5)
  A worker ant (D:5)
  An adder skeleton (D:5)
  An orc (D:5)
  8 fungi (D:7)
  A plant (D:7)
14 creatures vanquished.

Grand Total: 167 creatures vanquished

Notes
Turn   | Place    | Note
-------+----------+-------------------------------------------
     0 | D:1      | Mrkan the Minotaur Fighter began the quest for the Orb.
     0 | D:1      | Reached XP level 1. HP: 19/19 MP: 0/0
   134 | D:1      | Reached XP level 2. HP: 26/27 MP: 1/1
   240 | D:1      | Reached skill level 3 in Axes
   539 | D:1      | Reached XP level 3. HP: 33/33 MP: 2/2
   950 | D:2      | Reached skill level 4 in Axes
   950 | D:2      | Reached XP level 4. HP: 40/40 MP: 3/3
   973 | D:2      | Found a blossoming altar of Fedhas.
   974 | D:2      | Found a sacrificial altar of Ru.
   974 | D:2      | Found a stormy altar of Qazlal.
   975 | D:2      | Found a snail-covered altar of Cheibriados.
  1156 | D:2      | Found a runed door.
  1570 | D:2      | Noticed Crazy Yiuf
  1580 | D:2      | Killed Crazy Yiuf
  1786 | D:3      | Reached XP level 5. HP: 10/47 MP: 4/4
  2324 | D:3      | Noticed Grinder
  2335 | D:3      | Killed Grinder
  2335 | D:3      | Reached skill level 5 in Fighting
  2335 | D:3      | Reached skill level 5 in Axes
  2335 | D:3      | Reached skill level 5 in Armour
  2335 | D:3      | Reached skill level 5 in Shields
  2335 | D:3      | Reached XP level 6. HP: 45/56 MP: 5/5
  2683 | D:4      | Reached skill level 6 in Axes
  2742 | D:4      | Reached XP level 7. HP: 61/61 MP: 6/6
  2755 | D:4      | Noticed Natasha
  2758 | D:4      | Killed Natasha
  2786 | D:4      | Noticed Ijyb
  2797 | D:4      | Killed Ijyb
  2961 | D:4      | Noticed Natasha
  2969 | D:4      | Killed Natasha
  2994 | D:4      | Noticed Natasha
  3002 | D:4      | Killed Natasha
  3347 | D:4      | Reached skill level 7 in Axes
  3857 | D:5      | Entered Level 5 of the Dungeon
  3857 | D:5      | Found a staircase to the Ecumenical Temple.
  3883 | D:5      | Reached XP level 8. HP: 69/70 MP: 7/7
  3957 | D:5      | Reached skill level 8 in Axes
  4138 | D:5      | Noticed Pikel
  4165 | D:5      | Killed Pikel
  4165 | D:5      | Reached skill level 9 in Axes
  4504 | D:5      | Reached XP level 9. HP: 78/79 MP: 8/8
  4598 | D:5      | Found a shattered altar of Ashenzari.
  4609 | D:5      | Became a worshipper of Ashenzari the Shackled
  5629 | D:6      | Found a sand-covered staircase.
  5638 | Ossuary  | Entered an ossuary
  6083 | D:6      | Noticed Dowan
  6083 | D:6      | Noticed Duvessa
  6098 | D:6      | Killed Duvessa
  6098 | D:6      | Reached skill level 10 in Axes
  6108 | D:6      | Killed Dowan
  6405 | D:6      | Reached * piety under Ashenzari
  6496 | D:6      | Noticed Eustachio
  6508 | D:6      | Killed Eustachio
  6545 | D:7      | Found Vuokk's General Store.
  6607 | D:7      | Found a burning altar of Makhleb.
  6653 | D:7      | Slain by a yak

Skill      XL: |  1  2  3  4  5  6  7  8  9 |
---------------+----------------------------+-----
Axes           | 3 4 5 6 7 9 10 | 10.8
Fighting       | 4 5 6 7 8 |  8.3
Armour         | 4 5 6 7 8 |  8.3
Shields        | 4 5 6 7 8 |  8.4

Action                   |  1- 3 |  4- 6 |  7- 9 || total
-------------------------+-------+-------+-------++-------
Melee: War axe           |    74 |    87 |   287 ||   448
       Headbutt          |     6 |    10 |    77 ||    93
Invok: Curse Item        |       |       |     1 ||     1
  Eat: Chunk             |       |     5 |    11 ||    16
       Ration            |       |       |     1 ||     1
Armor: Scale mail        |    37 |    17 |       ||    54
       Chain mail        |       |    24 |   176 ||   200
Dodge: Dodged            |    25 |    16 |    76 ||   117
Block: Shield            |    45 |    49 |   178 ||   272
